Cogmind - Beta 15 *** ADVENTURER MODE // 2025.08.09 @ 19:50:39 Player: nixie Result: Destroyed by Y-45 Defender with Beam Rifle Performance ------------- Evolutions (1) 500 Regions Visited (3) 600 Robots Destroyed (17) 85 Value Destroyed (302) 302 Prototype IDs (2) 40 Alien Tech Used (0) 0 Bonus (0) 0 TOTAL SCORE: 1527 Bonus ------- None Cogmind --------- Core Integrity 0/400 Matter 300/300 Energy 98/100 System Corruption 0% Temperature Cool (9) Movement Core (50) Location -9/Storage Parts ------- > --- POWER (1) -------- (None) > --- PROPULSION (2) --- (None) > --- UTILITY (4) ------ (None) > --- WEAPON (2) ------- (None) > --- INVENTORY (5) ---- Ion Engine Ion Engine Light Ion Engine Peak State ------------ > --- POWER ------------ Light Ion Engine > --- PROPULSION ------- Light Treads Light Treads > --- UTILITY ---------- Small Storage Unit Large Storage Unit > --- WEAPON ----------- Small Laser Light Assault Rifle > --- INVENTORY -------- Ion Engine Ion Engine Light Ion Engine Light Ion Engine Medium Storage Unit Medium Laser Grenade Launcher [Rating: 7] Favorites ----------- Power Light Ion Engine Engine Light Ion Engine Propulsion Light Treads Treads Light Treads Leg Aluminum Leg Wheel Wheel Utility High-capacity Storage Unit Storage High-capacity Storage Unit Weapon Small Laser Energy Gun Small Laser Ballistic Gun Light Assault Rifle Launcher Grenade Launcher Build | -11 -10 -9 -9 ------- Run | Yrd Mat Mat Sto Slots Evolved 2 | . . 2 . Power . | . . . . Propulsion . | . . . . Utility 2 | . . 2 . Weapon . | . . . . Parts Attached 17 | 6 11 . . Power 4 | 1 3 . . Engine 4 | 1 3 . . Core . | . . . . Reactor . | . . . . Propulsion 5 | 2 3 . . Treads 3 | 2 1 . . Leg 1 | . 1 . . Wheel 1 | . 1 . . Hover . | . . . . Flight . | . . . . Utility 3 | 1 2 . . Device . | . . . . Storage 3 | 1 2 . . Processor . | . . . . Hackware . | . . . . Protection . | . . . . Artifact . | . . . . Weapon 5 | 2 3 . . Energy Gun 2 | 1 1 . . Energy Cannon . | . . . . Ballistic Gun 2 | 1 1 . . Ballistic Cannon . | . . . . Launcher 1 | . 1 . . Special Weapon . | . . . . Impact Weapon . | . . . . Slashing Weapon . | . . . . Piercing Weapon . | . . . . Special Melee Weapon . | . . . . Unidentified Prototypes . | . . . . Parts Lost 5 | . 5 . . Power 1 | . 1 . . Propulsion 2 | . 2 . . Utility . | . . . . Weapon 2 | . 2 . . Highest Loss Streak 3 | . 3 . . To Critical Strikes . | . . . . Average Backups 3 | 2 4 3 3 Power 3 | 1 3 3 3 Propulsion . | . . . . Utility . | . . . . Weapon . | . . . . Tool/Special . | . . . . Unused Backups 3 | . 2 . 1 Power 2 | . 1 . 1 Propulsion . | . . . . Utility 1 | . 1 . . Weapon . | . . . . Tool/Special . | . . . . Average Slot Usage (%) 58 | . 73 40 . Engine 11 | . 13 10 . Treads 11 | . 13 10 . Leg 2 | . 3 . . Storage 11 | . 14 10 . Energy Gun 13 | . 16 10 . Ballistic Gun 6 | . 9 . . Peak Build Rating 7 | 6 7 4 . Average Rating 4 | 3 5 3 . On Entrance 2 | . 6 4 . Naked Turns 87 | . . 22 65 Heaviest Build 45 | 12 45 44 . Greatest Support 40 | 40 40 20 3 Greatest Overweight (x) 8 | . 8 2 . Average Overweight (x) 1 | . 1 1 . Largest Inventory Capacity 20 | 8 20 20 5 Average Capacity 14 | 6 15 18 5 Most Carried 8 | 5 8 3 3 Average Carried 4 | 2 4 3 3 Final Capacity 20 | 8 20 5 5 Final Carried 3 | 2 3 3 3 Class Distribution -------------------- 100% | Mutant Dominant Class ---------------- Mutant | -10/Materials Mutant | -9/Materials Mutant | -9/Storage Resources | -11 -10 -9 -9 ----------- Run | Yrd Mat Mat Sto Matter Collected 496 | 256 226 14 . Remotely . | . . . . Salvage Created 484 | . 399 85 . Parts 24 | . 23 1 . Haulers Intercepted 1 | . 1 . . Recyclers Shooed . | . . . . Parts Field Recycled . | . . . . Retrieved Matter . | . . . . Parts Self-Destructed . | . . . . Prevented . | . . . . Kills | -11 -10 -9 -9 ------- Run | Yrd Mat Mat Sto Combat Hostiles Destroyed 11 | . 11 . . Guns 10 | . 10 . . AOE 1 | . 1 . . Classes Destroyed 7 | . 6 1 . Worker 1 | . 1 . . Builder 2 | . 2 . . Hauler 1 | . 1 . . Recycler 1 | . . 1 . Watcher 1 | . 1 . . Swarmer 5 | . 5 . . Grunt 6 | . 6 . . Best Kill Streak 3 | . 3 1 . Combat Bots Only 3 | . 3 . . Max Kills in Single Turn 2 | . 2 1 . Gunslinging . | . . . . Exploded 1 | . 1 . . Melee . | . . . . Uniques/NPCs Destroyed . | . . . . Combat | -11 -10 -9 -9 -------- Run | Yrd Mat Mat Sto Hostile Shots Fired 149 | . 85 52 12 Missed 48 | . 31 15 2 Hits 101 | . 54 37 10 Melee 4 | . . . 4 Projectile 97 | . 54 37 6 Critical Strikes 4 | . . 3 1 Damage Taken 1265 | . 789 298 178 Core 559 | . 157 224 178 Absorbed by Shields . | . . . . Ignored by Resistances 288 | . 150 96 42 Core Remaining (%) 68 | 100 37 . . Volleys Fired 48 | . 46 2 . Largest 2 | . 2 1 . Hottest 90 | . 90 40 . Shots Fired 90 | . 88 2 . Gun 82 | . 80 2 . Cannon . | . . . . Launcher 8 | . 8 . . Special . | . . . . Kinetic 26 | . 26 . . Thermal 56 | . 54 2 . Explosive 8 | . 8 . . Electromagnetic . | . . . . Robot Hit Streak 17 | . 17 12 . Robot Miss Streak 3 | . 3 . . Penetration Max . | . . . . Secondary Targets 1 | . 1 . . Max Gunslinging Chain 1 | . 1 . . Shots Hit Robots 59 | . 57 2 . Core Hits 29 | . 25 4 . Critical Kills . | . . . . Critical Parts Destroyed . | . . . . Critical Strikes 4 | . 4 . . Burn 4 | . 4 . . Melee Attacks . | . . . . Impact . | . . . . Slashing . | . . . . Piercing . | . . . . Sneak Attacks . | . . . . Combat Hostiles . | . . . . Follow-up Attacks . | . . . . Damage Inflicted 1052 | . 971 42 39 Guns 580 | . 558 22 . Cannons . | . . . . Explosions 412 | . 412 . . Melee . | . . . . Ramming 60 | . 1 20 39 Kinetic 162 | . 162 . . Thermal 418 | . 396 22 . Explosive 412 | . 412 . . Electromagnetic . | . . . . Impact . | . . . . Slashing . | . . . . Piercing . | . . . . Highest Corruption 6 | . 6 . . Average Corruption 6 | . 6 . . Corruption Purged . | . . . . Corruption Blocked . | . . . . Effects 11 | . 11 . . Message Errors 1 | . 1 . . Matter Fused 4 | . 4 . . Heat Flow Errors 1 | . 1 . . Energy Discharges 2 | . 2 . . Parts Rejected 1 | . 1 . . Data Loss (minor) 1 | . 1 . . Data Loss (major) 1 | . 1 . . Overload Shots . | . . . . Overflow Damage 4 | . 4 . . Projectiles . | . . . . Explosions 4 | . 4 . . Melee . | . . . . Knockbacks . | . . . . Impact . | . . . . Kinetic . | . . . . Secondary . | . . . . Self-Inflicted Damage 92 | . 68 7 17 Shots 5 | . 5 . . Rammed 17 | . 1 4 12 Targets Rammed 17 | . 1 4 12 Kicked . | . . . . Crushed . | . . . . Highest Temperature 196 | . 196 . . Average Temperature 65 | . 65 . . Received Heat Transfer 378 | . 174 171 33 Siege Activations . | . . . . Martial Activations . | . . . . Shielding Activations . | . . . . Robots Disrupted . | . . . . Combat Hostiles . | . . . . Robots Corrupted . | . . . . Combat Hostiles . | . . . . Parts Fried . | . . . . Impact Corruptions . | . . . . Robots Melted . | . . . . Combat Hostiles . | . . . . Parts Melted 1 | . 1 . . Heat Transferred 1340 | . 1290 50 . Parts Sabotaged . | . . . . Parts Stolen . | . . . . Parts Stripped . | . . . . Power Chain Reactions . | . . . . Alert | -11 -10 -9 -9 ------- Run | Yrd Mat Mat Sto Maximum Alert Level . | . . . . Low Security (%) 100 | 100 100 100 100 Level 1 . | . . . . Level 2 . | . . . . Level 3 . | . . . . Level 4 . | . . . . Level 5 . | . . . . High Security . | . . . . Max Security . | . . . . Peak Influence 154 | . 154 20 15 Initial 20 | . . 20 5 Average 49 | . 79 3 3 Influence Increases 379 | . 344 20 15 Destroy 0b10 Robot/C 220 | . 220 . . Destroy 0b10 Robot/NC 30 | . 25 5 . Destroy Leader 34 | . 34 . . Successful Hack 16 | . 16 . . Destroy Structure 34 | . 34 . . Partial Spotted 15 | . . 15 . Lose Combat Pursuer 30 | . 15 . 15 Influence Decreases 379 | . 286 63 30 Entered New Map 48 | . . 38 10 Time Decay 281 | . 236 25 20 Lost Part 50 | . 50 . . Squads Dispatched 2 | . 1 1 . Investigation 2 | . 1 1 . Extermination . | . . . . Reinforcement . | . . . . Assault . | . . . . Garrison . | . . . . Intercept . | . . . . Searches Triggered . | . . . . Construction Impeded . | . . . . Haulers Reinforced . | . . . . Active Scanning Responses . | . . . . Cargo Convoy Interrupts . | . . . . Stealth | -11 -10 -9 -9 --------- Run | Yrd Mat Mat Sto Distress Signals . | . . . . Communications Jammed . | . . . . Distress Signals . | . . . . Times Spotted 32 | . 15 12 5 Peak Tracking Total 12 | . 4 12 4 Tactical Retreats 2 | . 1 . 1 Traps | -11 -10 -9 -9 ------- Run | Yrd Mat Mat Sto Traps Triggered 1 | . 1 . . Indirectly . | . . . . Trap Hack Attempts . | . . . . Triggered . | . . . . Disarmed . | . . . . Reprogrammed . | . . . . Reused . | . . . . Traps Extracted . | . . . . Installed . | . . . . Triggered . | . . . . Machines | -11 -10 -9 -9 ---------- Run | Yrd Mat Mat Sto Machines Disabled . | . . . . Max in Single Turn . | . . . . Machines Repaired . | . . . . Machines Dismantled . | . . . . Machines Sabotaged . | . . . . Overloaded Fab Kills . | . . . . Hacking | -11 -10 -9 -9 --------- Run | Yrd Mat Mat Sto Machines Accessed 6 | . 3 2 1 Terminals 4 | . 3 . 1 Fabricators . | . . . . Repair Stations . | . . . . Recycling Units 1 | . . 1 . Scanalyzers 1 | . . 1 . Garrison Access . | . . . . Total Hacks 13 | . 6 5 2 Successful 8 | . 3 4 1 Failed 5 | . 3 1 1 Catastrophic . | . . . . Database Lockouts . | . . . . Manual 1 | . . 1 . Terminals 8 | . 6 . 2 Fabricators . | . . . . Repair Stations . | . . . . Recycling Units 3 | . . 3 . Scanalyzers 2 | . . 2 . Garrison Access . | . . . . Terminal Hacks 4 | . 3 . 1 Record 1 | . 1 . . Prototype ID Bank 1 | . 1 . . Locate Traps 1 | . . . 1 Recall Investigation 1 | . 1 . . Fabricator Hacks . | . . . . Repair Station Hacks . | . . . . Recycling Unit Hacks 2 | . . 2 . Process 1 | . . 1 . Retrieve Components 1 | . . 1 . Scanalyzer 2 | . . 2 . Insert Component 1 | . . 1 . Analyze 1 | . . 1 . Garrison Access Hacks . | . . . . Unauthorized Hacks . | . . . . Terminals . | . . . . Fabricators . | . . . . Repair Stations . | . . . . Recycling Units . | . . . . Scanalyzers . | . . . . Garrison Access . | . . . . Data Cores Recovered . | . . . . Used . | . . . . Hacking Detections 5 | . 2 2 1 Full Trace Events 1 | . . 1 . Feedback Events . | . . . . Feedback Blocked . | . . . . Robot Schematics Acquired . | . . . . Robots Built . | . . . . Authchips . | . . . . Time . | . . . . Total Robot Build Rating . | . . . . Part Schematics Acquired 1 | . . 1 . Parts Built . | . . . . Authchips . | . . . . Time . | . . . . Total Part Build Rating . | . . . . Parts Repaired . | . . . . Time . | . . . . Parts Recycled . | . . . . Recycled Matter 10 | . . 10 . Retrieved Matter . | . . . . Retrieved Components . | . . . . Parts Scanalyzed 1 | . . 1 . Part Schematics Acquired 1 | . . 1 . Parts Damaged . | . . . . Bothacking | -11 -10 -9 -9 ------------ Run | Yrd Mat Mat Sto Used RIF Installer . | . . . . Robots Hacked . | . . . . Non-combat . | . . . . Combat . | . . . . Robot Hacks Applied . | . . . . Relay Couplers Released . | . . . . Fabnet Peak Effective % . | . . . . Robots Rewired . | . . . . Allies Hacked . | . . . . Hacks Repelled . | . . . . Allies | -11 -10 -9 -9 -------- Run | Yrd Mat Mat Sto Total Allies . | . . . . Largest Group . | . . . . Highest-Rated Group . | . . . . Highest-Rated Ally . | . . . . Total Orders . | . . . . Ally Attacks . | . . . . Total Damage . | . . . . Kills . | . . . . Allies Corrupted . | . . . . Allies Melted . | . . . . Intel | -11 -10 -9 -9 ------- Run | Yrd Mat Mat Sto Active Infowar (turns) . | . . . . Robot Analysis Total . | . . . . Derelict Logs Recovered . | . . . . Drone Launches . | . . . . Drone Recoveries . | . . . . Exploration | -11 -10 -9 -9 ------------- Run | Yrd Mat Mat Sto Turns Passed 933 | 67 562 239 65 Spaces Moved 407 | 43 179 105 80 Core 142 | 13 9 40 80 Treads 223 | 30 128 65 . Legs 16 | . 16 . . Wheels 26 | . 26 . . Hover . | . . . . Flight . | . . . . Fastest Speed 50 | 50 140 50 50 Average Speed 177 | 126 224 217 50 Slowest Speed 450 | 160 450 320 50 Overloaded Moves . | . . . . Propulsion Burnouts . | . . . . Robots Hopped . | . . . . Potential Cave-ins . | . . . . Cave-ins Triggered 1 | . 1 . . Exploration Rate (%) 16 | 4 30 16 16 Regions Visited 3 Branch Regions 1 Pre-discovered Areas . | . . . . Known Exits Taken . | . . . . Unknown Exits Taken 3 | 1 1 1 . Scrap Searched . | . . . . Spaces Dug . | . . . . Terrain Destroyed 44 | . 44 . . Melee . | . . . . Projectile . | . . . . AOE 44 | . 44 . . Terrain Rammed . | . . . . Walls Destroyed . | . . . . Machines Disabled . | . . . . Actions | -11 -10 -9 -9 --------- Run | Yrd Mat Mat Sto Total 529 | 56 256 112 105 Wait 13 | . . . 13 Move 404 | 42 178 104 80 Hop . | . . . . Pick Up 20 | 8 12 . . Fast Attach . | . . . . Attach 12 | 6 6 . . Detach . | . . . . Swap 6 | . 6 . . Drop 9 | . 7 2 . Fire 48 | . 46 2 . Melee . | . . . . Ram 15 | . . 3 12 Kick . | . . . . Crush 2 | . 1 1 . Escape Stasis . | . . . . Rewire . | . . . . Trap . | . . . . Miscellaneous . | . . . . Route ------- -11/Scrapyard -10/Materials -9/Materials -9/Storage History --------- Turn | Location | Event 7 | -11/Scrapyard | Discovered new exit (range 16) 68 | -11/Scrapyard | Entered Materials 228 | -10/Materials | Crushed by falling debris 259 | -10/Materials | Lost 3 parts (1n2w) 291 | -10/Materials | Core integrity fell below 50% 313 | -10/Materials | Build established: Mutant 533 | -10/Materials | Discovered new exit (range 7) 630 | -10/Materials | Entered another Materials area 630 | -9/Materials | Evolved 2 slots: Utility x2 847 | -9/Materials | Released all parts (2) 863 | -9/Materials | Discovered new exit (range 10) 868 | -9/Materials | Core integrity fell below 50% 869 | -9/Materials | Entered Storage 915 | -9/Storage | Core integrity fell below 20% 934 | -9/Storage | Destroyed by Y-45 Defender with Beam Rifle Last Messages --------------- R-06 Scavenger collects Lgt. Ion Engine. Critical hit (Burn: +37). Slammed into S-10 Pest. EXIT=FOUND Critical hit (Burn: +37). LOCATION=UNKNOWN GOAL=ESCAPE Connecting with Terminal... Current location identified: Storage >>Traps(Locate) Found 7 traps in 2 arrays: 6x Stasis Trap 1x Alarm Trap Map updated. Slammed into B-36 Bruiser. Knocked back. Slammed into B-36 Bruiser. Destabilizing: Core damaged (-12). Slammed into B-36 Bruiser. Slammed into G-34 Mercenary. Map ----- +----------------------------------------------------+ | ?????????????????????????????????????? | | ?????????????????????????????????????? | | ?????????????????????????????????????? | | ?????????????????????????????????????? | | ?????????????????????????????????????? | | ?????????????????????????????????????? | | ?????????????????????????????????????? | | ?????????????????????????????????????? | | ?????????????????????????????????????? | | ?????????????????????????????????????? | | ?????????????????????????????????????? | | ?????????????????????????????????????? | | ?????????????????????????????????????? | | ?????????????????????????????????????? | | ?????????????????????????????????????? | | ?????????????????????????????????????? | | ?????????????????????????????????????? | | ?????????????????????????????????????? | | ?????????????????????????????????????? | | ?????????????????????????????????????? | | ???????????????????????????##????????? | | ???????????????????######## #????????? | | ???????????????????# Y #????????? | | ???????????????????#""" ####?????? | | ???????????????#???#""" """#?????? | | ??????????????? #??#""" @ Y"#?????? | | ??????????????? #??# """#?????? | | ??????????????? #??#""" ####?????? | | ??????????????? ???#""" #????????? | | ??????????????? ???#""" #????????? | | ??????????????? ???# b #????????? | | ?????????????##+########/#########???? | | ?????????????# ? #g + #? | | ?????????????# ?? # # #? | | ?????????????# "??? #^^ # ! #? | | ?????????????# "????" #^ ^^^+? ! #? | | ?????????????# "????"%+ #? #? | | ?????????????# "????"%# #?? [ #? | | ?????????????# """"?"%# #??#####? | | ?????????????# """%# #???????? | | ?????????????# %%%%# #???????? | | ?????????????########## ##+#???????? | | ??????????????????????# #??????????? | | ?????????????????????## +??????????? | | ?????????????????????#T #??????????? | | ?????????????????????## #??????????? | | ??????????############# +??????????? | | ????????? #??????????? | | ????????? #??????????? | | ????????? #??????????? | +----------------------------------------------------+ Best States ------------- Heat Dissipation 28 Energy Generation 10 Energy Capacity 250 Matter Stores 300 Matter Capacity 300 Sight Range 16 Terrain Scan Density 10 Resistance: KI 20 Resistance: TH 20 Resistance: EX 20 Resistance: EM 20 Resistance: I 20 Resistance: S 20 Resistance: P 20 Evasion (%) 50 Recoil Reduction 2 Offensive Hacking 10 Item Schematics ----------------- Lgt. Ion Engine | -9/Materials | Scanalyzed Robot Schematics ------------------ None Fabricated ------------ Nothing Repaired ---------- Nothing Alien Tech Used ----------------- None Achievements -------------- None Challenges ------------ None Game ------ Seed CatalystSmartbombEdition Manual? 0 Play Time 00:09:40 Cumulative 7.2 hours Start 2025.08.09 @ 19:41:48 End 2025.08.09 @ 19:50:39 Sessions 1 Manual Loads 0 Difficulty Adventurer Special Mode None Game No. 20 Rogue 11 Adventurer 9 Explorer 0 Win Type - Total 0 Types 0/0/0/0/0/0/0/0/0/0 Lore% 8 Gallery% 16 Achievement% 13 Wizard Run 0 Options --------- Layout 1 ASCII 0 Keyboard 0 Movement Arrows Keybinds 0 Fullscreen 1 Font 32/SmallcapsGlow Map View 50x40 Zoom Use 7% Tactical HUD 0 Map Filters NONE Filters NONE Steam 1 RUN: 98b88bb3-a9d5-4e00-aafb-cea78d3b2a3a